[Event "Early-Titled-Tuesday-Blitz-January-23-2024"]
[Site "Chess.com"]
[Date "2024.01.23"]
[Round "2"]
[White "knightinshiningarmour16"]
[Black "dcremisi"]
[Result "1/2-1/2"]
[WhiteElo "2214"]
[BlackElo "2659"]
[TimeControl "180+1"]
[EndTime "8:17:04 PST"]
[Termination "Game drawn by repetition"]

1. e4 e6 2. d4 d5 3. exd5 exd5 4. Bd3 Nc6 5. c3 Bd6 6. Nf3 Nge7 7. Bg5 Bg4 8. Nbd2 Qd7 9. Qc2 h6 10. Bh4 O-O-O 11.
O-O-O Rde8 12. Rde1 Nf5 13. Bg3 Nxg3 14. hxg3 Rxe1+ 15. Rxe1 Kb8 16. Kb1 Re8 17. Qd1 a6 18. Rxe8+ Qxe8 19. Qe2 Qxe2 20. Bxe2 Kc8 21. Bd3 Kd8 22. Kc2 Ke7 23. Nh2 Bd7 24. Nhf3 g5 25. Nf1 f5 26. Ne3 Be6 27. Bxf5 Nd8 28. g4 Bg8 29.
Kd3 c6 30. g3 b6 31. Ne5 Bxe5 32. dxe5 c5 33. f4 c4+ 34. Ke2 Nc6 35. Nc2 Be6 36.
Bxe6 Kxe6 37. Nd4+ Nxd4+ 38. cxd4 b5 39. b4 Ke7 40. Ke3 Kf7 41. Kd2 Ke7 42. Ke3 Kf7 43.
f5 Ke7 44. Kd2 Kd7 45. Kc3 Ke7 46. Kb2 Kd7 47. a4 bxa4 48. Ka3 c3 49. e6+ Ke7 50.
Ka2 Kd6 51. Ka3 Ke7 52. Ka2 Kf6 53. Ka3 Ke7 1/2-1/2

[Event "Early-Titled-Tuesday-Blitz-January-23-2024"]
[Site "Chess.com"]
[Date "2024.01.23"]
[Round "2"]
[White "ViratKohl_i"]
[Black "Aleksandar-Topalov"]
[Result "1-0"]
[WhiteElo "2605"]
[BlackElo "2346"]
[TimeControl "180+1"]
[EndTime "8:17:05 PST"]
[Termination "ViratKohl_i won by resignation"]

1. e4 e6 2. d4 d5 3. Nd2 Nf6 4. e5 Ng8 5. Bd3 Ne7 6. c3 Qd7 7. f4 h5 8. Ngf3 g6 9. Nf1 b6 10. Be3 Ba6 11. Bf2 Bxd3 12. Qxd3 Nf5 13. g3 c5 14. Rg1 Nc6 15. dxc5 bxc5 16. h3 c4 17. Qe2 Be7 18. O-O-O O-O-O 19. g4 Ng7 20. Ne3 Qb7 21. Nc2 Kb8 22. Ncd4 Nxd4 23. Nxd4 hxg4 24. hxg4 Bc5 25. Rh1 a6 26. Bh4 Rdg8 27. Bf6 Rxh1 28. Rxh1 Bxd4 29.
cxd4 Ne8 30. Bg5 Nc7 31. Be7 Nb5 32. Bc5 c3 33. a4 Nc7 34. b4 Qc6 35. Qc2 Ka8 36. Rh3 Rb8 37. Rxc3 Qb7 38. Bd6 1-0

[Event "Early-Titled-Tuesday-Blitz-January-23-2024"]
[Site "Chess.com"]
[Date "2024.01.23"]
[Round "2"]
[White "AradNazari"]
[Black "Sina_Movahed"]
[Result "0-1"]
[WhiteElo "2619"]
[BlackElo "2977"]
[TimeControl "180+1"]
[EndTime "8:17:06 PST"]
[Termination "Sina_Movahed won by resignation"]

1. b4 e5 2. a3 d5 3. Bb2 Bd6 4.
Nf3 Nd7 5. d3 Ngf6 6. g3 O-O 7.
Bg2 e4 8. Nfd2 e3 9. fxe3 Ng4 10. Nf1 Qe7 11. Qd2 c6 12. Nc3 a5 13. bxa5 Re8 14. Nd1 Nde5 15. h3 Nf6 16. Nf2 Ng6 17. h4 Ne5 18.
Nh2 Neg4 19. Nhxg4 Nxg4 20. Nxg4 Bxg4 21. Kf2 Rxa5 22. Bf3 Ra4 23. d4 Bf5 24. g4 Be4 25. Rh3 Rc4 26. c3 Rf8 27. h5 f5 28. gxf5 Rxf5 29.
Rg1 Ra4 30. Qd1 Ra8 31. h6 g6 32. Bc1 b5 33. Ke1 Bxa3 34. Bxe4 Qxe4 35. Rhg3 Be7 36. Qd3 Bh4 37. Qxe4 dxe4 38. Kd1 Bxg3 39. Rxg3 Ra2 40. Bd2 Rf1+ 0-1

[Event "Early-Titled-Tuesday-Blitz-January-23-2024"]
[Site "Chess.com"]
[Date "2024.01.23"]
[Round "2"]
[White "JiiHart"]
[Black "Jojo_898"]
[Result "0-1"]
[WhiteElo "2140"]
[BlackElo "2453"]
[TimeControl "180+1"]
[EndTime "8:17:06 PST"]
[Termination "Jojo_898 won on time"]

1. e4 d6 2. d4 Nf6 3. Nc3 g6 4. Be2 c6 5. Be3 b5 6. a3 a5 7. g4 Bb7 8. h4 Bg7 9. h5 gxh5 10. gxh5 h6 11. f3 Nbd7 12. Qd2 b4 13. Nd1 c5 14. Bb5 Qb6 15. a4 Bc6 16. c4 bxc3 17. Nxc3 cxd4 18.
Bxd4 Nc5 19. Nge2 Qb7 20. Nd5 Bxb5 21. axb5 Nb3 22. Qc3 Nxa1 23. Nc7+ Kd7 24. Nxa8 Rxa8 25. Kf2 Rc8 26. Qa3 Nc2 27. Qa4 Nxd4 28. Qxd4 Nxh5 29. Qd5 Qxd5 30. exd5 Nf6 31. Nf4 Rc2+ 32. Ke3 Rxb2 33.
Ra1 Rb3+ 34. Kf2 Nxd5 0-1

[Event "Early-Titled-Tuesday-Blitz-January-23-2024"]
[Site "Chess.com"]
[Date "2024.01.23"]
[Round "2"]
[White "ilushka"]
[Black "C_K_G"]
[Result "1-0"]
[WhiteElo "2448"]
[BlackElo "2096"]
[TimeControl "180+1"]
[EndTime "8:17:06 PST"]
[Termination "ilushka won on time"]

1. e4 c5 2. Nf3 d6 3. Bb5+ Bd7 4.
a4 a6 5. Bxd7+ Qxd7 6. O-O Nc6 7. c3 Nf6 8. Re1 e6 9. d4 cxd4 10. cxd4 Be7 11. Nc3 O-O 12. d5 Ne5 13. dxe6 Qxe6 14. Nd4 Qd7 15. Nf5 Rfd8 16. Bg5 Rac8 17. Nxe7+ Qxe7 18. Nd5 Qe6 19. Bxf6 gxf6 20. Re3 Kh8 21. Qh5 Rg8 22. Rh3 Rg7 23. Nf4 Qc4 24. Rc3 Rg5 25. Rxc4 Rxc4 26. Qh3 Rxe4 27. Nd5 Rh4 28. Qc8+ Kg7 29. g3 Rd4 30. Ne3 Nf3+ 31. Kg2 Nh4+ 32. Kh3 Ng6 33. Nf5+ Rxf5 34. Qxf5 Rd2 35. Rc1 1-0

[Event "Early-Titled-Tuesday-Blitz-January-23-2024"]
[Site "Chess.com"]
[Date "2024.01.23"]
[Round "2"]
[White "bazar-wokzal"]
[Black "MikaelyanArman"]
[Result "0-1"]
[WhiteElo "2561"]
[BlackElo "2842"]
[TimeControl "180+1"]
[EndTime "8:17:07 PST"]
[Termination "MikaelyanArman won by resignation"]

1. e4 c5 2. c3 Nf6 3. e5 Nd5 4. d4 cxd4 5. cxd4 Nc6 6. Nc3 Nxc3 7. bxc3 d6 8. f4 dxe5 9. fxe5 Bf5 10. Nf3 e6 11.
Bd3 Bxd3 12. Qxd3 Be7 13. O-O O-O 14. Be3 Rc8 15. Rf2 Na5 16. Raf1 Nc4 17. Bc1 b5 18. Nd2 Nxe5 19. Qxb5 Ng4 20. Rf3 Rxc3 21. Rf4 Nf6 22. Nf3 Qc7 23. Qb2 Rc2 24. Qa1 Nd5 25. Rg4 Nf6 26.
Rg3 Bd6 27. Ne5 Bxe5 28. dxe5 Ne4 29. Rh3 Qc4 30. Bf4 Qe2 0-1

[Event "Early-Titled-Tuesday-Blitz-January-23-2024"]
[Site "Chess.com"]
[Date "2024.01.23"]
[Round "2"]
[White "KnobbedHornbill"]
[Black "GoltsevDmitry2000"]
[Result "1-0"]
[WhiteElo "2574"]
[BlackElo "2822"]
[TimeControl "180+1"]
[EndTime "8:17:08 PST"]
[Termination "KnobbedHornbill won by checkmate"]

1. d4 e6 2. c4 d5 3. Nf3 dxc4 4. e4 c5 5. Bxc4 cxd4 6. Nxd4 a6 7. O-O Nf6 8. e5 Nd5 9. Nc3 Nxc3 10. bxc3 b5 11.
Bb3 Bb7 12. Re1 Be7 13. Qg4 g6 14. Bh6 Bd5 15. Rad1 Bxb3 16. axb3 Qc8 17. Re3 Nc6 18. h4 Qc7 19. Nxe6 fxe6 20. Qxe6 Rd8 21. Rd6 Nb8 22. Bg7 Qc8 23. Rxd8+ Qxd8 24. Bxh8 Qd7 25. Qg8+ Bf8 26. e6 Qe7 27. Rf3 Nc6 28. Bg7 Qxe6 29. Qxe6+ Be7 30.
Rf8# 1-0

[Event "Early-Titled-Tuesday-Blitz-January-23-2024"]
[Site "Chess.com"]
[Date "2024.01.23"]
[Round "2"]
[White "Elsa167"]
[Black "cthulhuuu"]
[Result "1-0"]
[WhiteElo "2906"]
[BlackElo "2429"]
[TimeControl "180+1"]
[EndTime "8:17:08 PST"]
[Termination "Elsa167 won on time"]

1. e4 d6 2. d4 Nf6 3. f3 e5 4.
dxe5 dxe5 5. Qxd8+ Kxd8 6. Bc4 Be6 7. Bxe6 fxe6 8. Be3 Bd6 9. Nd2 Ke7 10. Nh3 Nbd7 11.
Nf2 b5 12. Ke2 Bc5 13. Rhd1 Bxe3 14. Kxe3 Nb6 15. Nd3 Nfd7 16. b3 c5 17. c4 a6 18. a4 bxa4 19. bxa4 Rhb8 20. Rdb1 Nc8 21. Nb3 Nd6 22. Na5 Kf6 23. h4 Nb6 24. Rc1 g6 25. g3 h6 26. f4 exf4+ 27. gxf4 Kg7 28. Nxc5 Rc8 29. Nxe6+ Kf7 30. c5 Nxa4 31. cxd6 Rxc1 32. Rxc1 Kxe6 33. e5 Nb6 34. Ke4 Nd5 35. Nc6 Rb8 36. Nd4+ Kd7 37. Kxd5 1-0

[Event "Early-Titled-Tuesday-Blitz-January-23-2024"]
[Site "Chess.com"]
[Date "2024.01.23"]
[Round "2"]
[White "AyMitecK"]
[Black "rasmussvane"]
[Result "0-1"]
[WhiteElo "2624"]
[BlackElo "2997"]
[TimeControl "180+1"]
[EndTime "8:17:09 PST"]
[Termination "rasmussvane won on time"]

1. e4 c6 2. Ne2 d5 3. e5 d4 4. b4 a5 5. Bb2 axb4 6. a3 d3 7. cxd3 e6 8. Ng3 Nd7 9. Ne4 Nh6 10. g4 Qc7 11. Nd6+ Bxd6 12. exd6 Qxd6 13. Bxg7 Rg8 14.
Bxh6 Qe5+ 15. Be3 Qxa1 16. axb4 Qb2 17. Bg2 Ne5 18. O-O Nxg4 19. Nc3 Qxb4 20. Ne4 f5 21. Bc5 Qa4 22. Nd6+ Kd7 23. h3 Ne5 24. Qh5 Qh4 25. Qxh4 Nf3+ 26. Kh1 Nxh4 27. Nf7 Rxg2 28. Ne5+ Ke8 0-1

[Event "Early-Titled-Tuesday-Blitz-January-23-2024"]
[Site "Chess.com"]
[Date "2024.01.23"]
[Round "2"]
[White "ImportedItalianMaple"]
[Black "ChessQueen"]
[Result "0-1"]
[WhiteElo "2450"]
[BlackElo "2729"]
[TimeControl "180+1"]
[EndTime "8:17:09 PST"]
[Termination "ChessQueen won by resignation"]

1. e4 c6 2. d4 d5 3. e5 c5 4. dxc5 e6 5. a3 Bxc5 6. Qg4 Ne7 7. Nf3 Ng6 8. Bd3 Nd7 9. Qg3 Qc7 10. O-O a6 11. Re1 O-O 12. h4 f5 13. h5 Nh8 14.
b4 Ba7 15. Nbd2 Nf6 16. Nb3 Nxh5 17. Qh4 g6 18. Bh6 Re8 19. g4 fxg4 20. Qxg4 Qf7 21. Kg2 Bd7 22. Rh1 Ng7 23. Raf1 d4 24. Nbxd4 Nf5 25.
Nxf5 exf5 26. Qf4 Rac8 27. Ng5 Qd5+ 28. f3 Nf7 29. Nxf7 Qxf7 30. Bg5 Bb5 31. Bf6 Bxd3 32. cxd3 Rc2+ 33. Kg3 Bb8 34. Rh6 Rc6 35. Bg5 Bxe5 36. Rfh1 Bxf4+ 37. Bxf4 0-1

[Event "Early-Titled-Tuesday-Blitz-January-23-2024"]
[Site "Chess.com"]
[Date "2024.01.23"]
[Round "2"]
[White "abelmat"]
[Black "JoliyRoger"]
[Result "0-1"]
[WhiteElo "2146"]
[BlackElo "2454"]
[TimeControl "180+1"]
[EndTime "8:17:09 PST"]
[Termination "JoliyRoger won by checkmate"]

1. d4 Nf6 2. c4 e6 3. Nf3 c5 4. Nc3 cxd4 5. Nxd4 d6 6. g3 a6 7. Bg2 Qc7 8. b3 Nc6 9. O-O Ne5 10. Bb2 Be7 11. Rc1 O-O 12. Ne4 Re8 13. h3 Rb8 14. Qd2 Bd7 15. Rfd1 Nxe4 16. Bxe4 Nc6 17. Qc2 h6 18. Bh7+ Kf8 19. Be4 Rbc8 20. Bg2 Kg8 21. Be4 Red8 22. Bh7+ Kf8 23. Qe4 Nxd4 24.
Bxd4 e5 25. Bb2 Bc6 26. Qg4 Qa5 27. Bf5 Qxa2 28. Bc3 Qxb3 29. Bxc8 h5 30. Qf5 g6 31.
Qd3 Rxc8 32. f4 Qb6+ 33. Kh2 Qf2# 0-1

[Event "Early-Titled-Tuesday-Blitz-January-23-2024"]
[Site "Chess.com"]
[Date "2024.01.23"]
[Round "2"]
[White "LevonAronian"]
[Black "Gennady_Kozlov"]
[Result "1-0"]
[WhiteElo "3113"]
[BlackElo "2647"]
[TimeControl "180+1"]
[EndTime "8:17:10 PST"]
[Termination "LevonAronian won by resignation"]

1. e4 e6 2. d4 d5 3. Nc3 Nf6 4. Bg5 Be7 5. e5 Nfd7 6. h4 Nc6 7. Qd2 Nb6 8. O-O-O Bd7 9. Be2 h6 10. Bxe7 Qxe7 11. h5 O-O-O 12. f4 f6 13. Rh3 Be8 14. Kb1 Nc4 15. Qc1 Qb4 16. Ka1 a5 17. a3 Qb6 18.
Nf3 a4 19. g4 Qa5 20. Na2 b5 21. g5 hxg5 22. fxg5 fxe5 23. Nxe5 N6xe5 24. dxe5 Nxe5 25. Nb4 Nc4 26. Nd3 Qb6 27. Qf4 Qd6 28. Qxd6 cxd6 29. Nf4 Bd7 30. Ng6 Rh7 31. Bd3 Kc7 32. Nf8 Rh8 33.
Ng6 Rh7 34. Rf1 e5 35. Rf7 e4 36. Bxc4 bxc4 37. h6 Kb6 38. Rh4 Be8 39. Rxg7 Bxg6 40. Rxg6 e3 41. Re6 Kc5 42. g6 Rhd7 43. Rxe3 d4 44.
Re1 d5 45. g7 d3 46. cxd3 cxd3 47. Rc1+ Kd6 48. Rd1 Kc5 49. h7 d4 50. h8=Q 1-0

[Event "Early-Titled-Tuesday-Blitz-January-23-2024"]
[Site "Chess.com"]
[Date "2024.01.23"]
[Round "2"]
[White "Indianlad"]
[Black "Crazy_girl99"]
[Result "1-0"]
[WhiteElo "2984"]
[BlackElo "2623"]
[TimeControl "180+1"]
[EndTime "8:17:10 PST"]
[Termination "Indianlad won by resignation"]

1. f4 c5 2. Nf3 Nc6 3. g3 d5 4. Bg2 g6 5. O-O Bg7 6. d3 Nf6 7. Nc3 O-O 8. e4 dxe4 9. dxe4 Qb6 10. e5 c4+ 11. Kh1 Ng4 12. Qe2 Be6 13. Ng5 Nd4 14. Qd1 Rfd8 15. Nxe6 Qxe6 16. Bd2 Nf5 17. Qe2 Nd4 18.
Qe4 h5 19. Rad1 Rab8 20. Nd5 Nf5 21. Bc3 b5 22. Qf3 Rd7 23. h3 Ngh6 24. Rd2 Rbd8 25. Rfd1 h4 26. g4 Ng3+ 27. Kh2 f5 28. g5 Nf7 29.
Ba5 Rc8 30. Nf6+ exf6 31. Rxd7 fxg5 32. Qd5 Qe8 33. e6 Nh6 34. e7+ Nf7 35. Rd8 Rxd8 36. exd8=Q 1-0

[Event "Early-Titled-Tuesday-Blitz-January-23-2024"]
[Site "Chess.com"]
[Date "2024.01.23"]
[Round "2"]
[White "HeroWilczek"]
[Black "OhanyanEminChess"]
[Result "1-0"]
[WhiteElo "2430"]
[BlackElo "2810"]
[TimeControl "180+1"]
[EndTime "8:17:11 PST"]
[Termination "HeroWilczek won by resignation"]

1. e4 e5 2. Nf3 Nc6 3. Bc4 Nf6 4. d3 d5 5. exd5 Nxd5 6. O-O Bc5 7. Re1 Be6 8. Nbd2 f6 9. Nb3 Bb6 10. d4 O-O 11. dxe5 Nxe5 12. Nxe5 fxe5 13. Be3 Bxe3 14. fxe3 Qd6 15. Qd2 Rad8 16. Rad1 Kh8 17. e4 Qb6+ 18. Kh1 Rf2 19. Qg5 Rdf8 20. Bxd5 Qb4 21. c3 Qb5 22. h3 Bxh3 23. gxh3 Qd7 24. Qg4 Qe7 25. Bc4 Qf6 26. Rf1 Rf4 27. Rxf4 exf4 28. Qf3 g6 29. Qd3 Kg7 30.
Qd4 Kh6 31. Qxf6 Rxf6 32. Kg2 f3+ 33. Kf2 Kg5 34. e5 Rf8 35. Re1 1-0

[Event "Early-Titled-Tuesday-Blitz-January-23-2024"]
[Site "Chess.com"]
[Date "2024.01.23"]
[Round "2"]
[White "NtcPou"]
[Black "m_ezat"]
[Result "0-1"]
[WhiteElo "2001"]
[BlackElo "2441"]
[TimeControl "180+1"]
[EndTime "8:17:11 PST"]
[Termination "m_ezat won by resignation"]

1. e4 e5 2. Nf3 Nc6 3. Bc4 Nf6 4.
d3 h6 5. O-O d6 6. c3 g5 7. Nbd2 Bg7 8. b4 Ne7 9. d4 Ng6 10. Qb3 Qe7 11. a4 g4 12. Ne1 h5 13.
Nd3 h4 14. dxe5 Nxe5 15. Nxe5 Qxe5 16. f4 gxf3 17. Nxf3 Qe7 18. Ng5 O-O 19. Rf4 h3 20. e5 dxe5 21. Qc2 exf4 22. Bxf4 Be6 23. Be5 Bxc4 24. Bxf6 Qe3+ 25. Kh1 Bd3 26. Qd1 Bxf6 27.
Nf3 hxg2+ 28. Kxg2 Be4 29. Ra2 Qxf3+ 30. Qxf3 Bxf3+ 31.
Kxf3 Bxc3 32. Rc2 Bg7 33. Rxc7 Rac8 34. Rxb7 Rfd8 35. Rxa7 Rd4 36. b5 Rc3+ 37. Ke2 Rb4 38. Ra8+ Kh7 39. a5 Rb2+ 40. Kd1 Bh6 0-1

[Event "Early-Titled-Tuesday-Blitz-January-23-2024"]
[Site "Chess.com"]
[Date "2024.01.23"]
[Round "2"]
[White "Onischuk_V"]
[Black "Huragan007"]
[Result "1-0"]
[WhiteElo "2798"]
[BlackElo "2546"]
[TimeControl "180+1"]
[EndTime "8:17:12 PST"]
[Termination "Onischuk_V won by resignation"]

1. e4 c5 2. Nf3 d6 3. d4 cxd4 4. Nxd4 Nf6 5. Nc3 g6 6. g3 Bg7 7. Bg2 O-O 8. h3 Nbd7 9. O-O Nc5 10. Re1 a6 11. Nd5 Be6 12. c3 Rc8 13. Bg5 Bxd5 14. exd5 Re8 15. Qd2 Qb6 16. Re2 Na4 17. Rae1 Rc7 18.
Be3 Nc5 19. Qc2 Rcc8 20. Nb3 Qc7 21. Nxc5 dxc5 22. Bf4 Qd7 23. Qd2 Rcd8 24. Rd1 b5 25. Qe1 e6 26. d6 Nh5 27. Bg5 Bf6 28. Bxf6 Nxf6 29. Qd2 Rf8 30. Qg5 Ne8 31. Bc6 Qxc6 32.
Qxd8 Qf3 33. Red2 Nf6 34. Qe7 Ne4 35. d7 Nxd2 36. Qxf8+ Kxf8 37. d8=Q+ Kg7 38. Qxd2 1-0

[Event "Early-Titled-Tuesday-Blitz-January-23-2024"]
[Site "Chess.com"]
[Date "2024.01.23"]
[Round "2"]
[White "topce"]
[Black "Druid24"]
[Result "0-1"]
[WhiteElo "2376"]
[BlackElo "2701"]
[TimeControl "180+1"]
[EndTime "8:17:12 PST"]
[Termination "Druid24 won on time"]

1. c4 e5 2. Nc3 Bb4 3. Na4 Nf6 4. a3 Be7 5. b4 O-O 6. Bb2 d6 7.
e3 Re8 8. Rc1 Bf5 9. d3 Nbd7 10.
h3 a5 11. g4 Bg6 12. Bg2 axb4 13. axb4 c6 14. Ne2 h5 15. g5 Nh7 16. h4 f6 17.
f4 Rf8 18. O-O Rxa4 19. Qxa4 Bxd3 20. Rfe1 fxg5 21. hxg5 Bxg5 22. Qb3 Bxe2 23. Rxe2 exf4 24. exf4 Bxf4 25. Rf1 Qg5 26. Qf3 Bh2+ 27. Kxh2 Rxf3 28.
Rxf3 Nhf6 29. Bh3 Ne5 30. Bxe5 dxe5 31. Rf5 Qh4 32. Kg2 Qxc4 33. Rfxe5 Qxb4 34. Bf5 Qf4 35. Be6+ Kh7 36. Rf5 Qg4+ 37. Kf2 Ne4+ 38. Ke3 Ng3 39.
Re1 Nxf5+ 0-1

[Event "Early-Titled-Tuesday-Blitz-January-23-2024"]
[Site "Chess.com"]
[Date "2024.01.23"]
[Round "2"]
[White "Ducke13"]
[Black "betta2004"]
[Result "0-1"]
[WhiteElo "2330"]
[BlackElo "2546"]
[TimeControl "180+1"]
[EndTime "8:17:12 PST"]
[Termination "betta2004 won on time"]

1. d4 e5 2. dxe5 Nc6 3. Nf3 Qe7 4. Bg5 Qb4+ 5. Nc3 Qxb2 6. Bd2 Bb4 7. Rb1 Qa3 8. Rb3 Qa5 9. e4 Nge7 10. Nd5 Nxd5 11.
exd5 Bxd2+ 12. Qxd2 Qxd2+ 13. Kxd2 Ne7 14. d6 cxd6 15.
exd6 Nf5 16. Rd3 O-O 17. g4 Nh6 18. Bh3 f6 19. Re1 b6 20. Re7 Ba6 21. Rc3 Bb5 22.
Rc7 Nf7 23. Nd4 Ba4 24. Nf5 g6 25. Nd4 Nxd6 26. Bg2 Rae8 27. Bd5+ Kh8 28. Rxe8 Rxe8 29. Rxa7 Re5 30. c4 b5 31. f4 Nxc4+ 32. Bxc4 Re4 33. Kd3 Rxf4 34. Nxb5 Bd1 35. Rxd7 Bxg4 36. Rd8+ Kg7 37. Nd6 Rf2 38. Kc3 f5 39. a4 Bf3 40.
a5 Rxh2 41. a6 Rh1 42. a7 Ra1 43. Nb5 h5 44. Bd5 Be2 45. Kb4 Rb1+ 0-1

[Event "Early-Titled-Tuesday-Blitz-January-23-2024"]
[Site "Chess.com"]
[Date "2024.01.23"]
[Round "2"]
[White "secretsuperstar7"]
[Black "Njal28"]
[Result "0-1"]
[WhiteElo "2507"]
[BlackElo "3042"]
[TimeControl "180+1"]
[EndTime "8:17:13 PST"]
[Termination "Njal28 won by checkmate"]

1. c4 e6 2. Nc3 Nf6 3. e4 e5 4. Nf3 Nc6 5. d4 exd4 6. Nxd4 Bb4 7. Nf5 O-O 8. Bd3 d5 9. cxd5 Bxf5 10. exf5 Nxd5 11. O-O Bxc3 12. bxc3 Nxc3 13. Qc2 Nd5 14.
Ba3 Ndb4 15. Bxb4 Nxb4 16. Qc3 Qxd3 17. Qxb4 b6 18. f6 c5 19. Qh4 Qd4 20. Qxd4 cxd4 21. fxg7 Kxg7 22. Rfd1 Rfd8 23. Rac1 Rac8 24. Kf1 Rxc1 25.
Rxc1 d3 26. Rd1 Kf6 27. Ke1 Ke5 28. Kd2 Kd4 29. Re1 Rc8 30. Re7 Rc2+ 31. Kd1 Rxf2 32.
Rxa7 Rxg2 33. Rxf7 Rxh2 34. Rd7+ Kc3 35. Rc7+ Kb4 36.
Rb7 Kc5 37. Rd7 d2 38. Rc7+ Kb5 39. Rb7 h5 40. a4+ Kc6 41. Rb8 h4 42. Rc8+ Kb7 43.
Rd8 h3 44. Rd7+ Ka6 45. Rd8 Rg2 46. Rh8 h2 47. a5 bxa5 48. Rh6+ Kb7 49. Rh7+ Kc6 50.
Rh6+ Kd7 51. Rh7+ Ke6 52. Rh6+ Kf7 53. Rh7+ Kg6 54. Rh3 Rg1+ 55. Ke2 h1=Q 56. Rxh1 d1=Q+ 57. Kf2 Qe1+ 58. Kf3 Rg3+ 59. Kf4 Qe3# 0-1

[Event "Early-Titled-Tuesday-Blitz-January-23-2024"]
[Site "Chess.com"]
[Date "2024.01.23"]
[Round "2"]
[White "Kostukov_Alex"]
[Black "OneTrickPony_82"]
[Result "0-1"]
[WhiteElo "2289"]
[BlackElo "2521"]
[TimeControl "180+1"]
[EndTime "8:17:13 PST"]
[Termination "OneTrickPony_82 won by checkmate"]

1. g3 e5 2. Bg2 d5 3. c4 d4 4.
d3 Nf6 5. Nf3 Nc6 6. O-O Bc5 7.
b4 Bxb4 8. Nxe5 Nxe5 9. Qa4+ Nc6 10. Bxc6+ bxc6 11. Qxb4 Bh3 12. Re1 Rb8 13. Qc5 Qd6 14. Qxa7 O-O 15. Bf4 Qb4 16. Nd2 Rb7 17. Qxd4 c5 18. Qe5 Re8 19. Qg5 h6 20. Qh4 Bc8 21.
Rab1 Qc3 22. Rbc1 Qb2 23. Rb1 Qxa2 24. Ra1 Qb2 25. Reb1 Qd4 26. Nf3 Qc3 27. Rc1 Qb2 28. e4 Ng4 29. h3 Qxf2+ 30. Kh1 Qxf3+ 31. Kg1 Qf2+ 32. Kh1 Qh2# 0-1

[Event "Early-Titled-Tuesday-Blitz-January-23-2024"]
[Site "Chess.com"]
[Date "2024.01.23"]
[Round "2"]
[White "salomez"]
[Black "EvilMorty23"]
[Result "1-0"]
[WhiteElo "2301"]
[BlackElo "2502"]
[TimeControl "180+1"]
[EndTime "8:17:14 PST"]
[Termination "salomez won by checkmate"]

1. e4 e6 2. d4 d5 3. exd5 exd5 4. Nc3 Nc6 5. Bf4 Bd6 6. Qd2 Nge7 7. O-O-O Bf5 8. f3 h5 9. Bb5 Qd7 10. Nge2 O-O-O 11. Rhe1 a6 12. Ba4 f6 13. Bxd6 Qxd6 14. Nf4 g5 15.
Bxc6 bxc6 16. Nd3 Bxd3 17. Qxd3 Kd7 18. Na4 Ke8 19. Nc5 Kf7 20. Re6 Qf4+ 21. Kb1 Rd6 22. g3 Rxe6 23. gxf4 Rd6 24. fxg5 fxg5 25. Re1 Rf6 26. Nd7 Rf4 27. Ne5+ Kf6 28. Qxa6 Rxd4 29.
Nxc6 Nxc6 30. Qxc6+ Kf5 31. Qxc7 Rf8 32. Qe5+ Kg6 33. Qxd4 Rf6 34. Qxd5 h4 35. Qg8+ Kf5 36. Rg1 Rg6 37. Qf7+ Rf6 38. Qd5+ Kg6 39. Qxg5+ Kf7 40. f4 h3 41. f5 Ke7 42. Re1+ Kf7 43. Qh5+ Kg7 44.
Re7+ Kf8 45. Qe8# 1-0

[Event "Early-Titled-Tuesday-Blitz-January-23-2024"]
[Site "Chess.com"]
[Date "2024.01.23"]
[Round "2"]
[White "ProChessWICTH"]
[Black "Viktor_Poddubnyi"]
[Result "1-0"]
[WhiteElo "2508"]
[BlackElo "2250"]
[TimeControl "180+1"]
[EndTime "8:17:15 PST"]
[Termination "ProChessWICTH won on time"]

1. e4 g6 2. d4 Bg7 3. f4 d6 4. Nf3 Nf6 5. Nc3 c5 6. dxc5 Qa5 7. Bd3 Qxc5 8. Qe2 a6 9. Be3 Qc7 10. O-O O-O 11. h3 Nbd7 12. Bf2 b5 13. e5 Nh5 14. Nd5 Qd8 15. exd6 exd6 16. Bh4 Nhf6 17. a4 Re8 18. Qf2 Bb7 19. Nxf6+ Bxf6 20. Bxf6 Qxf6 21. axb5 Nc5 22. Bc4 Ne4 23. Qd4 axb5 24. Bxb5 Rec8 25. Qxf6 Nxf6 26. c3 1-0

[Event "Early-Titled-Tuesday-Blitz-January-23-2024"]
[Site "Chess.com"]
[Date "2024.01.23"]
[Round "2"]
[White "SulfatoFerroso"]
[Black "Yurasova_Daria"]
[Result "0-1"]
[WhiteElo "2009"]
[BlackElo "2441"]
[TimeControl "180+1"]
[EndTime "8:17:15 PST"]
[Termination "Yurasova_Daria won on time"]

1. e4 e5 2. Nf3 Nc6 3. Bc4 Bc5 4. b4 Bxb4 5. c3 Be7 6. d4 Na5 7. Bd3 d6 8. dxe5 dxe5 9. Nxe5 Nf6 10. O-O O-O 11.
Qc2 c6 12. Nf3 h6 13. e5 Nd5 14. Re1 b5 15. Nbd2 Nb7 16. Nd4 Qc7 17. N2f3 Nc5 18. Bf1 a5 19. a3 Nb6 20. c4 b4 21.
Be3 Ne6 22. axb4 Bxb4 23. Red1 c5 24. Nb5 Qe7 25. Qe4 Ba6 26. Nd6 a4 27. Nf5 Qb7 28.
Qg4 Kh8 0-1

[Event "Early-Titled-Tuesday-Blitz-January-23-2024"]
[Site "Chess.com"]
[Date "2024.01.23"]
[Round "2"]
[White "Sanan_Sjugirov"]
[Black "wannabe2700"]
[Result "1-0"]
[WhiteElo "2999"]
[BlackElo "2625"]
[TimeControl "180+1"]
[EndTime "8:17:17 PST"]
[Termination "Sanan_Sjugirov won by resignation"]

1. Nf3 f5 2. d4 Nf6 3. Bf4 e6 4. e3 d6 5. h3 Qe7 6. Nc3 h6 7.
Bd3 g5 8. Bh2 Bg7 9. Qe2 Nc6 10.
O-O-O Nb4 11. Bc4 Bd7 12. Kb1 O-O-O 13. a3 Nbd5 14. Nxd5 exd5 15. Bd3 Be6 16. Nd2 Ne4 17. f3 Nxd2+ 18. Qxd2 Kb8 19. Rhe1 Qf6 20. Bg1 Rhe8 21.
c3 Bd7 22. Re2 Re7 23. Rde1 Rde8 24. Qc2 a6 25. Bf2 h5 26. Ka1 g4 27. Bg3 Bh6 28. Bf4 Bxf4 29. exf4 gxf3 30. gxf3 Rxe2 31. Rxe2 Rg8 32.
Qb3 Bc6 33. Bxa6 Qh4 34. Bb5 Bxb5 35. Qxb5 Qg3 36. Qxd5 Rf8 37. c4 Qxh3 38. Re3 Qf1+ 39. Ka2 Qc1 40. Rb3 b6 41. c5 dxc5 42. dxc5 Rf6 43.
Qd8+ 1-0

[Event "Early-Titled-Tuesday-Blitz-January-23-2024"]
[Site "Chess.com"]
[Date "2024.01.23"]
[Round "2"]
[White "Sajith_Peiris"]
[Black "rynos0411"]
[Result "0-1"]
[WhiteElo "2240"]
[BlackElo "2503"]
[TimeControl "180+1"]
[EndTime "8:17:17 PST"]
[Termination "rynos0411 won by checkmate"]

1. e4 c5 2. c3 d5 3. exd5 Qxd5 4.
d4 Nc6 5. Nf3 Bg4 6. Be2 Nf6 7.
c4 Qd7 8. d5 Bxf3 9. Bxf3 Nd4 10. Nc3 g6 11. Be3 Nxf3+ 12. Qxf3 Rc8 13. O-O-O Bg7 14. h4 h5 15. Rde1 O-O 16. Bg5 Rfe8 17.
Qf4 Ng4 18. Qd2 a6 19. f3 Ne5 20. Qe2 b5 21. cxb5 axb5 22. Bf4 Nc4 23. a4 Nxb2 24. Qxb2 b4 25. Be5 Bh6+ 26. Kb1 bxc3 27. Qxc3 Qxa4 28. Re2 Ra8 29. Rhe1 c4 30. Rb2 Qa1+ 31. Kc2 Qa4+ 32. Kb1 Ra5 33. f4 Rxd5 34. Rb4 Rd1+ 35. Kb2 Qa1+ 36.
Kc2 Qc1# 0-1

[Event "Early-Titled-Tuesday-Blitz-January-23-2024"]
[Site "Chess.com"]
[Date "2024.01.23"]
[Round "2"]
[White "Alexei_Gubajdullin"]
[Black "K_A_S_T_O_R"]
[Result "0-1"]
[WhiteElo "2589"]
[BlackElo "2892"]
[TimeControl "180+1"]
[EndTime "8:17:18 PST"]
[Termination "K_A_S_T_O_R won on time"]

1. d4 Nf6 2. Nf3 e6 3. Bf4 b6 4. e3 Bb7 5. Be2 c5 6. O-O cxd4 7. exd4 Be7 8. h3 O-O 9. a4 a6 10. Na3 d6 11. c3 Nbd7 12. Nc2 Nd5 13. Bg3 Qc7 14. Nd2 N5f6 15. Bf3 Rfe8 16. Re1 Rac8 17. Ne3 Bf8 18. Ndc4 Bxf3 19. Qxf3 Rb8 20. d5 e5 21. Nd2 b5 22. axb5 axb5 23. Bh4 Ra8 24.
Ng4 Nxg4 25. hxg4 Nb6 26. Ne4 Rxa1 27. Rxa1 Nxd5 28. Rd1 Nb6 29. Qf5 d5 30. Nf6+ gxf6 31. Bxf6 h6 32. g5 Qd7 33. Qf3 Qe6 34. Qh5 Qf5 35.
g4 Qg6 36. Qh4 Nd7 37. Rxd5 Nxf6 38. gxf6 Re6 39. Rxb5 Kh7 40. Rb8 Bd6 41. Rd8 Rxf6 42. Rd7 Kg7 43. Kg2 Qe4+ 44. Kg1 Bc5 0-1